 Dungeon Crawl Stone Soup version 0.17-a0-1778-gd369669 (webtiles) character file.

11365 Medar the Destroyer (level 11, -5/70 HPs)
             Began as an Octopode Transmuter on Sept 8, 2015.
             Was an Elder of Vehumet.
             Slain by a basilisk (9 damage)
             ... on level 2 of the Lair of Beasts.
             The game lasted 01:12:36 (19442 turns).

Medar the Destroyer (Octopode Transmuter)          Turns: 19442, Time: 01:12:36

Health: -5/70      AC:  3    Str: 10      XL:     11   Next: 76%
Magic:  8/21       EV:  2    Int: 20      God:    Vehumet [****..]
Gold:   655        SH:  0    Dex: 12 (13) Spells: 8 memorised, 2 levels left

rFire  . . .     SeeInvis +       - Unarmed
rCold  . . .     Clarity  .     (no shield)
rNeg   + + +     SustAt   .     i - +2 hat
rPois  ∞         Gourm    .     (no amulet)
rElec  .         Spirit   .     y - ring of flight
rCorr  .         Warding  .     q - ring of see invisible
rMut   .         Stasis   .     (no ring)
MR     .....                    (no ring)
Stlth  ++++......               (no ring)
                                (no ring)
                                (no ring)
                                (no ring)

@: petrified, not resistant to hostile enchantments, stealthy
A: almost no armour, amphibious, 8 rings, constrict 8, camouflage 1, blurry
vision 1, clever 1, deterioration 1, slow healing 1, gelatinous body 1
a: Renounce Religion, Evoke Flight


You were on level 2 of the Lair of Beasts.
You worshipped Vehumet.
Vehumet was greatly pleased with you.
You were not hungry.

You visited 3 branches of the dungeon, and saw 14 of its levels.
You also visited: Sewer.

You collected 655 gold pieces.

Inventory:

Hand weapons
 b - a +0 blowgun
 c - the +6 short sword of Vuacitee {drain, rElec rPois Int+4}
   (You took it off a centaur on level 8 of the Dungeon)

   A truly terrible weapon, it drains the life of those it strikes.
   It affects your intelligence (+4).
   It insulates you from electricity.
   It protects you from poison.
Missiles
 a - 194 arrows
 f - 14 poisoned needles
 n - 3 throwing nets {=f =F}
 x - 5 curare-tipped needles
 A - 7 needles of confusion
 E - 5 arrows of dispersal
 I - 17 poisoned arrows
Armour
 i - a +2 hat (worn)
 p - a +0 shield
Jewellery
 q - a ring of see invisible (right tentacle)
 y - a ring of flight (left tentacle)
Magical devices
 g - a wand of cold (5)
 h - a wand of disintegration (24)
 z - a wand of flame (35)
 C - a wand of slowing (31)
 J - a wand of magic darts (25)
 N - a wand of frost (26)
Scrolls
 e - a scroll of immolation {unknown}
 j - 3 scrolls of amnesia
 k - 9 scrolls of remove curse {@r1}
 s - 2 scrolls of blinking
 t - 2 scrolls of teleportation
 u - 4 scrolls of magic mapping
 v - a scroll of fear {unknown}
 B - 2 scrolls of vulnerability
 K - a scroll of fog {unknown}
 R - a scroll of recharging
Potions
 d - a potion of agility
 l - 5 potions of curing {@q1}
 m - 2 potions of might
 o - 2 potions of heal wounds
 r - 3 potions of magic
 w - 3 potions of haste
 F - 2 potions of flight
 G - a potion of brilliance
 M - 2 potions of ambrosia {unknown}
 P - 2 potions of cancellation {unknown}
 S - a potion of experience {unknown}
Books
 H - a book of Ice

   Spells                             Type                      Level
   a - Ice Form                       Ice/Transmutation            4
   b - Metabolic Englaciation         Hexes/Ice                    5
   c - Ozocubu's Refrigeration        Ice                          6
   d - Bolt of Cold                   Conjuration/Ice              6
   e - Freezing Cloud                 Conjuration/Ice/Air          6
   f - Simulacrum                     Ice/Necromancy               6
Comestibles
 D - 13 bread rations {@e1}
 L - 7 beef jerkies
 O - 5 chunks of flesh
 T - 4 meat rations {@e2}


   Skills:
 - Level 4.9 Fighting
 - Level 5.0 Dodging
 - Level 5.4 Stealth
 - Level 7.0 Unarmed Combat
 + Level 7.3 Spellcasting
 - Level 9.4 Conjurations
 - Level 2.3 Charms
 - Level 7.0 Transmutations
 - Level 3.1 Fire Magic
 - Level 3.6 Ice Magic
 - Level 2.2 Air Magic
 - Level 2.3 Poison Magic


You had 2 spell levels left.
You knew the following spells:

 Your Spells              Type           Power        Failure   Level  Hunger
c - Searing Ray           Conj           #####.       1%          2    None
d - Sticks to Snakes      Trmt           #####.....   1%          2    None
e - Swiftness             Chrm/Air       ###.....     6%          2    None
f - Spider Form           Trmt/Pois      ####......   6%          3    #......
g - Ice Form              Ice/Trmt       ####....     12%         4    ###....
h - Mephitic Cloud        Conj/Pois/Air  ####....     1%          3    #......
v - Iskenderun's Mystic   Conj           #####...     1%          4    ###....
x - Throw Flame           Conj/Fire      ####..       1%          2    None


Dungeon Overview and Level Annotations

Branches:
Dungeon (11/15)            Temple (1/1) D:5            Lair (2/8) D:11
    Orc (0/4) D:9

Altars:
Ashenzari
Cheibriados
Dithmenos
Elyvilon
Fedhas
Gozag
Kikubaaqudgha
Makhleb
Nemelex Xobeh
Okawaru
Qazlal
Ru
Sif Muna
Trog
Vehumet
Xom
Yredelemnul
Zin
The Shining One

Shops:
D:7 }

Annotations:
D:9 exclusions: 2 orcs and 2 orc warriors, Gastronok
D:10 exclusion: hill giant
D:11 exclusion: hill giant
Lair:2 exclusion: necromancer


Innate Abilities, Weirdness & Mutations

You cannot wear most types of armour.
You are amphibious.
You can wear up to eight rings at the same time.
You can use your tentacles to constrict eight enemies at once.
Your skin changes colour to match your surroundings (Stealth).
Your rubbery body absorbs attacks (AC +1).
Scrolls take you a little longer to read.
Your mind is acute. (Int +2)
Your body sometimes deteriorates upon taking damage.
You heal slowly when monsters are visible.


Message History

The six-headed hydra bites you!
The six-headed hydra bites you but does no damage.
The six-headed hydra bites you! The six-headed hydra bites you.
The six-headed hydra bites you!
The six-headed hydra bites you but does no damage.
The six-headed hydra bites you. The six-headed hydra bites you!
The six-headed hydra bites you. x2
The basilisk bites you! The six-headed hydra bites you!
The six-headed hydra bites you. The six-headed hydra bites you!
* * * LOW HITPOINT WARNING * * *
The six-headed hydra bites you.
* * * LOW HITPOINT WARNING * * *
The six-headed hydra bites you!
* * * LOW HITPOINT WARNING * * *
The six-headed hydra bites you!
* * * LOW HITPOINT WARNING * * *
The iguana bites you!
* * * LOW HITPOINT WARNING * * *
The basilisk bites you!!
You die...

##.......###.....####....#..###..
.......####..P.....##.....#.....P
...#.........##...##.............
.....#....#.##...<...............
....#..#....#...#................
...#####.......###....##........#
P..## ##.......##......#........P
#...###.......###P..#......###..#
...............D@..##......#....#
...P#..........ll..........##....
...###...........................
....##...#P.##.....##..P#........
...###............###........##..
..................###.......###..
...................##........#...
................######.......#...
..÷.>.............#.#....#.......


You could see a six-headed hydra, a basilisk and an iguana.

Vanquished Creatures
  A hill giant (D:11)
  A black mamba (Lair:2)
  2 spiny frogs
  2 komodo dragons (Lair:1)
  A two-headed ogre (D:11)
  3 blink frogs (Lair:1)
  2 basilisks
  A shadow (D:10)
  10 yaks
  2 hippogriffs
  4 ice beasts
  3 porcupines
  5 water moccasins
  3 wolves (Lair:2)
  9 centaurs
  A sky beast (D:7)
  2 wasps
  An orc warrior (D:5)
  8 ogres
  5 crocodiles
  11 giant frogs
  4 killer bees
  A water moccasin skeleton (D:7)
  5 jellies
  5 crimson imps
  A giant frog zombie (D:7)
  5 iguanas
  A giant frog skeleton (D:5)
  6 hounds
  10 worker ants
  5 orc wizards
  An orc priest (D:5)
  7 sheep (Lair:1)
  3 killer bee zombies
  2 hound skeletons
  The ghost of 4thArraOfDagon the Firebug, a weakling DEFE (D:3)
  30 river rats
  17 adders
  8 gnolls
  2 oozes
  An adder skeleton (D:7)
  2 worms
  5 giant geckos
  25 orcs
  8 bats
  8 giant cockroaches
  5 goblins
  6 hobgoblins
  4 jackals
  11 ball pythons
  9 giant newts
  6 kobolds
  2 quokkas
  A quokka skeleton (D:4)
  2 quokka zombies
  27 rats
313 creatures vanquished.

Vanquished Creatures (collateral kills)
  A hungry ghost (D:6)
  A giant frog (Sewer)
  A wyvern skeleton (D:7)
  A scorpion (D:9)
  2 adders (D:3)
  A worm (D:2)
  3 ball pythons (Sewer)
  A goblin (D:3)
  3 jackals
  A giant cockroach (D:3)
  2 giant newts
  A rat (D:2)
18 creatures vanquished.

Vanquished Creatures (others)
  7 fungi (Lair:2)
  5 plants (Lair:2)
12 creatures vanquished.

Grand Total: 343 creatures vanquished

Notes
Turn   | Place    | Note
--------------------------------------------------------------
     0 | D:1      | Medar the Octopode Transmuter began the quest for the Orb.
     0 | D:1      | Reached XP level 1. HP: 13/13 MP: 3/3
   205 | D:1      | Reached XP level 2. HP: 13/18 MP: 5/5
   213 | D:1      | Learned a level 2 spell: Sticks to Snakes
   834 | D:2      | Reached skill level 4 in Unarmed Combat
   884 | D:2      | Reached XP level 3. HP: 21/23 MP: 4/6
  1000 | D:2      | Learned a level 3 spell: Spider Form
  1166 | D:1      | Reached skill level 1 in Poison Magic
  1399 | D:2      | Reached XP level 4. HP: 28/28 MP: 7/7
  1527 | D:2      | Found a sacrificial altar of Ru.
  2217 | D:3      | Noticed 4thArraOfDagon's ghost (weakling DEFE)
  2246 | D:3      | Killed 4thArraOfDagon's ghost
  2309 | D:3      | Found a glowing drain.
  2467 | Sewer    | Entered a sewer
  2611 | Sewer    | Reached XP level 5. HP: 23/33 MP: 6/8
  3136 | Sewer    | Reached skill level 5 in Unarmed Combat
  3587 | Sewer    | Reached skill level 1 in Stealth
  3742 | Sewer    | Noticed a giant frog
  3749 | Sewer    | Noticed a giant frog
  3763 | Sewer    | Killed a giant frog
  3763 | Sewer    | Reached XP level 6. HP: 17/39 MP: 1/9
  3943 | Sewer    | Killed a giant frog
  4754 | D:4      | Reached XP level 7. HP: 45/45 MP: 10/10
  5254 | D:4      | Found an ancient bone altar of Kikubaaqudgha.
  5255 | D:4      | Found a shattered altar of Ashenzari.
  5570 | D:5      | Entered Level 5 of the Dungeon
  5885 | D:5      | Learned a level 4 spell: Ice Form
  6013 | D:5      | Reached skill level 5 in Transmutations
  6024 | D:5      | Found a staircase to the Ecumenical Temple.
  6041 | D:5      | Reached skill level 1 in Ice Magic
  6425 | D:5      | Reached XP level 8. HP: 29/52 MP: 7/11
  6681 | Temple   | Entered the Ecumenical Temple
  6808 | Temple   | Became a worshipper of Vehumet
  7442 | D:6      | Reached skill level 6 in Transmutations
  7902 | D:6      | Reached skill level 7 in Transmutations
  7908 | D:6      | Learned a level 2 spell: Swiftness
  8284 | D:7      | Reached skill level 1 in Charms
  8284 | D:7      | Reached skill level 1 in Air Magic
  8433 | D:7      | Reached XP level 9. HP: 56/56 MP: 11/13
  8614 | D:7      | Found Zaik's Gadget Boutique.
  8677 | D:7      | Acquired Vehumet's first power
  8677 | D:7      | Offered knowledge of Magic Dart by Vehumet.
  9068 | D:7      | Learned a level 1 spell: Magic Dart
  9084 | D:6      | Reached skill level 1 in Conjurations
  9331 | D:8      | You fall through a shaft for 2 floors!
  9331 | D:10     | Entered Level 10 of the Dungeon
  9709 | D:8      | Gained mutation: You heal slowly when monsters are visible. [potion of mutation]
  9709 | D:8      | Gained mutation: Scrolls take you a little longer to read. [potion of mutation]
  9709 | D:8      | Gained mutation: Your mind is acute. (Int +2) [potion of mutation]
 10197 | D:8      | Reached skill level 5 in Conjurations
 10437 | D:8      | Got an ancient short sword {drain}
 10438 | D:8      | Identified the +6 short sword of Vuacitee {drain, rElec rPois Int+4} (You took it off a centaur on level 8 of the Dungeon)
 10795 | D:9      | Got a translucent dagger
 10796 | D:9      | Identified the +1 dagger "Worm's Wrath" {flame, +Fly SInv} (You found it on level 9 of the Dungeon)
 10820 | D:9      | Noticed Gastronok
 10841 | D:9      | Reached XP level 10. HP: 51/63 MP: 12/16
 11169 | D:9      | Found a staircase to the Orcish Mines.
 11602 | D:6      | Offered knowledge of Searing Ray by Vehumet.
 11606 | D:6      | Learned a level 2 spell: Searing Ray
 11695 | D:7      | Gained mutation: Your body sometimes deteriorates upon taking damage. [mutagenic meat]
 12141 | D:10     | Reached skill level 5 in Spellcasting
 12645 | D:10     | Noticed a hill giant
 12821 | D:10     | Paralysed by a wasp for 2 turns
 13026 | D:11     | Noticed a hill giant
 13236 | D:11     | Noticed a hill giant
 13403 | D:11     | Reached skill level 5 in Stealth
 13737 | D:11     | Found a staircase to the Lair.
 13935 | D:11     | Offered knowledge of Throw Flame by Vehumet.
 13995 | D:11     | Learned a level 2 spell: Throw Flame
 14245 | D:11     | Killed a hill giant
 14406 | D:11     | Reached skill level 8 in Conjurations
 14674 | D:11     | Acquired Vehumet's second power
 14674 | D:11     | Reached XP level 11. HP: 50/70 MP: 8/18
 14985 | Lair:1   | Entered Level 1 of the Lair of Beasts
 15018 | Lair:1   | Reached skill level 9 in Conjurations
 15435 | Lair:1   | Offered knowledge of Mephitic Cloud by Vehumet.
 15684 | Lair:1   | Learned a level 3 spell: Mephitic Cloud
 15799 | Lair:1   | Reached skill level 5 in Dodging
 17675 | Lair:2   | Acquired Vehumet's third power
 18043 | Lair:2   | Noticed a necromancer
 18061 | Lair:2   | Offered knowledge of Iskenderun's Mystic Blast by Vehumet.
 18272 | Lair:2   | Learned a level 4 spell: Iskenderun's Mystic Blast
 18773 | Lair:2   | Noticed a death yak
 19204 | Lair:2   | Noticed a death yak
 19205 | Lair:2   | Noticed a death yak
 19316 | Lair:2   | Noticed a six-headed hydra
 19442 | Lair:2   | Slain by a basilisk

Vault maps used:
D:1:      minmay_arrival_plants_in_alcoves
D:2:      nicolae_ru_the_path_less_chosen
D:3:      gup_sewer_entry_glass
D:4:      gammafunk_temple_overflow_statue, first_bread
D:5:      minmay_temple_entry_mist, kennysheep_generic_room_9
D:7:      serial_shops, shop_statue
D:8:      grunt_ogre_cave
D:9:      david_orc_2, uniq_gastronok
D:11:     lair_0_dummy
Temple:   nicolae_temple_elliptical
Lair:1:   columned_hall_lemuel
Lair:2:   eino_house_with_fridge, infiniplex_staircase_pool_2
Sewer:    sewer_minmay_w

Action                   |  1- 3 |  4- 6 |  7- 9 | 10-12 || total
-------------------------+-------+-------+-------+-------++-------
Melee: Unarmed           |    80 |   160 |   290 |   253 ||   783
 Fire: Blowgun           |       |    14 |    42 |    31 ||    87
 Cast: Beastly Appendage |    23 |    29 |    13 |     3 ||    68
       Sticks to Snakes  |     5 |    13 |     7 |    17 ||    42
       Spider Form       |       |       |    17 |     9 ||    26
       Ice Form          |       |       |     9 |     8 ||    17
       Magic Dart        |       |       |    11 |    43 ||    54
       Swiftness         |       |       |     1 |     3 ||     4
       Searing Ray       |       |       |       |    43 ||    43
       Throw Flame       |       |       |       |    93 ||    93
       Iskenderun's Myst |       |       |       |    12 ||    12
       Mephitic Cloud    |       |       |       |     1 ||     1
 Abil: End Transformatio |       |       |     1 |     1 ||     2
Evoke: Wand              |       |       |       |     1 ||     1
  Use: Scroll            |     3 |     6 |     9 |     6 ||    24
       Potion            |       |     3 |     5 |     7 ||    15
 Stab: Sleeping          |     5 |     9 |    19 |    11 ||    44
       Invisible         |       |     2 |       |       ||     2
       Distracted        |       |     1 |     1 |       ||     2
  Eat: Chunk             |     2 |    12 |    12 |    22 ||    48
       Beef jerky        |       |       |     1 |     3 ||     4
       Meat ration       |       |       |     4 |     1 ||     5
       Pizza             |       |       |       |     1 ||     1
